ITL
TRENTON STARS @ UTICA UNICORNS
04/03/2028
 
TOP OF THE 1ST
Trenton Stars batting - Pitching for Utica Unicorns : RHP Don Wiggins
Pitching: RHP Don Wiggins
Batting: SHB Nick Marshall 0-0: Ball
1-0: Ball
2-0: SINGLE (Line Drive, 34)
Batting: RHB Felipe Olivas 0-0: Ball
Throwing error on steal attempt, E2
Nick Marshall to third
1-0: Called Strike
1-1: Ground out 6-3 (Groundball, 6)
Nick Marshall scores
Batting: LHB Lee Burton 0-0: Called Strike
0-1: Called Strike
0-2: Strikes out looking
Batting: LHB Marvin Morris 0-0: Called Strike
0-1: Called Strike
0-2: Strikes out looking
Top of the 1st over - 1 run(s), 1 hit(s), 1 error(s), 0 left on base; Trenton 1 - Utica 0
BOTTOM OF THE 1ST
Utica Unicorns batting - Pitching for Trenton Stars : RHP Darrell Stanley
Pitching: RHP Darrell Stanley
Batting: RHB Fernando Gálvez 0-0: Ball
1-0: Ball
2-0: Swinging Strike
2-1: Ground out 5-3 (Groundball, 5)
Batting: RHB Gerald Burnett 0-0: SINGLE (Line Drive, 34)
Batting: LHB Pablo Reyes 0-0: Called Strike
0-1: Ball
1-1: Ball
2-1: Ball
3-1: Swinging Strike
3-2: Base on Balls
Gerald Burnett to second
Batting: RHB Carlos García 0-0: Foul Ball, location: 2F
0-1: Ball
1-1: Ball
2-1: Grounds into double play, 3-6-3 (Groundball, 3)
Bottom of the 1st over - 0 run(s), 1 hit(s), 0 error(s), 1 left on base; Trenton 1 - Utica 0
TOP OF THE 2ND
Trenton Stars batting - Pitching for Utica Unicorns : RHP Don Wiggins
Batting: RHB Rafael Canales 0-0: Swinging Strike
0-1: Ground out U3 (Groundball, 34S)
Batting: LHB Ricardo Brandariz 0-0: Called Strike
0-1: Foul Ball, location: 2F
0-2: Ball
1-2: Foul Ball, location: 2F
1-2: Foul Ball, location: 2F
1-2: Ground out 6-3 (Groundball, 6)
Batting: RHB Gabriel Villegas 0-0: Ball
1-0: Foul Ball, location: 2F
1-1: Called Strike
1-2: Ball
2-2: Foul Ball, location: 2F
2-2: Fly out, F8 (Flyball, 8RM)
Top of the 2nd over - 0 run(s), 0 hit(s), 0 error(s), 0 left on base; Trenton 1 - Utica 0
BOTTOM OF THE 2ND
Utica Unicorns batting - Pitching for Trenton Stars : RHP Darrell Stanley
Batting: LHB José Román 0-0: Ball
1-0: Foul Ball, location: 2F
1-1: Ball
2-1: Swinging Strike
2-2: Strikes out swinging
Batting: LHB Mitchell Oglethorpe 0-0: Ground out 6-3 (Groundball, 6)
Batting: SHB Conan Hanson 0-0: Ground out 4-3 (Groundball, 4)
Bottom of the 2nd over - 0 run(s), 0 hit(s), 0 error(s), 0 left on base; Trenton 1 - Utica 0
TOP OF THE 3RD
Trenton Stars batting - Pitching for Utica Unicorns : RHP Don Wiggins
Batting: LHB Ju-wei Shiu 0-0: Ball
1-0: Called Strike
1-1: DOUBLE (Line Drive, 7LM)
Batting: RHB José Barajas 0-0: Called Strike
0-1: Ball
1-1: Ball
2-1: Foul Ball, location: 2F
2-2: Foul Ball, location: 2F
2-2: Strikes out swinging
Batting: SHB Nick Marshall 0-0: Called Strike
0-1: Ball
1-1: Foul Ball, location: 2F
1-2: Strikes out swinging
Batting: RHB Felipe Olivas 0-0: Ball
1-0: Ball
2-0: Ground out 5-3 (Groundball, 56)
Top of the 3rd over - 0 run(s), 1 hit(s), 0 error(s), 1 left on base; Trenton 1 - Utica 0
BOTTOM OF THE 3RD
Utica Unicorns batting - Pitching for Trenton Stars : RHP Darrell Stanley
Batting: RHB José Velázquez 0-0: Called Strike
0-1: Ball
1-1: Foul Ball, location: 2F
1-2: Fly out, F9 (Flyball, 89M)
Batting: LHB Caleb Hall 0-0: Swinging Strike
0-1: Foul Ball, location: 2F
0-2: Strikes out swinging
Batting: RHB Fernando Gálvez 0-0: Ball
1-0: Ball
2-0: Called Strike
2-1: Ball
3-1: Ground out 6-3 (Groundball, 6)
Bottom of the 3rd over - 0 run(s), 0 hit(s), 0 error(s), 0 left on base; Trenton 1 - Utica 0
TOP OF THE 4TH
Trenton Stars batting - Pitching for Utica Unicorns : RHP Don Wiggins
Batting: LHB Lee Burton 0-0: Fly out, F8 (Flyball, 89D)
Batting: LHB Marvin Morris 0-0: Ball
1-0: Ball
2-0: Called Strike
2-1: Called Strike
2-2: Strikes out looking
Batting: RHB Rafael Canales 0-0: Ball
1-0: Called Strike
1-1: Ball
2-1: Ground out 6-3 (Groundball, 6)
Top of the 4th over - 0 run(s), 0 hit(s), 0 error(s), 0 left on base; Trenton 1 - Utica 0
BOTTOM OF THE 4TH
Utica Unicorns batting - Pitching for Trenton Stars : RHP Darrell Stanley
Batting: RHB Gerald Burnett 0-0: Ball
1-0: Ball
2-0: Called Strike
2-1: Called Strike
2-2: Strikes out swinging
Batting: LHB Pablo Reyes 0-0: Ball
1-0: Swinging Strike
1-1: Foul Ball, location: 2F
1-2: Strikes out swinging
Batting: RHB Carlos García 0-0: Foul Ball, location: 2F
0-1: Ball
1-1: Foul Ball, location: 2F
1-2: SINGLE (Groundball, 56D)
Batting: LHB José Román 0-0: Foul Ball, location: 2F
0-1: SINGLE (Line Drive, 6D)
Carlos García to second
Batting: LHB Mitchell Oglethorpe 0-0: Called Strike
0-1: Ground out 5-3 (Groundball, 25)
Bottom of the 4th over - 0 run(s), 2 hit(s), 0 error(s), 2 left on base; Trenton 1 - Utica 0
TOP OF THE 5TH
Trenton Stars batting - Pitching for Utica Unicorns : RHP Don Wiggins
Batting: LHB Ricardo Brandariz 0-0: Ball
1-0: Foul Ball, location: 2F
1-1: Foul Ball, location: 2F
1-2: Ball
2-2: Ball
3-2: Strikes out swinging
Batting: RHB Gabriel Villegas 0-0: Ball
1-0: Ground out 6-3 (Groundball, 6)
Batting: LHB Ju-wei Shiu 0-0: Called Strike
0-1: Called Strike
0-2: Strikes out swinging
Top of the 5th over - 0 run(s), 0 hit(s), 0 error(s), 0 left on base; Trenton 1 - Utica 0
BOTTOM OF THE 5TH
Utica Unicorns batting - Pitching for Trenton Stars : RHP Darrell Stanley
Batting: SHB Conan Hanson 0-0: Called Strike
0-1: Ball
1-1: Ball
2-1: Ground out 3-1 (Groundball, 34S)
Batting: RHB José Velázquez 0-0: Foul Ball, location: 2F
0-1: Called Strike
0-2: Foul Ball, location: 2F
0-2: Ball
1-2: Foul Ball, location: 2F
1-2: Ball
2-2: Ground out 5-3 (Groundball, 56)
Batting: LHB Caleb Hall 0-0: Foul Ball, location: 2F
0-1: Ball
1-1: Foul Ball, location: 2F
1-2: Foul Ball, location: 2F
1-2: Strikes out swinging
Bottom of the 5th over - 0 run(s), 0 hit(s), 0 error(s), 0 left on base; Trenton 1 - Utica 0
TOP OF THE 6TH
Trenton Stars batting - Pitching for Utica Unicorns : RHP Don Wiggins
Batting: RHB José Barajas 0-0: Ball
1-0: Ball
2-0: Fly out, F8 (Line Drive, 8LD)
Batting: SHB Nick Marshall 0-0: Ball
1-0: Ball
2-0: Ball
3-0: Called Strike
3-1: Base on Balls
Batting: RHB Felipe Olivas 0-0: Ball
1-0: Ball
Nick Marshall is caught stealing 2nd base
2-0: Foul Ball, location: 2F
2-1: Foul Ball, location: 2F
2-2: Foul Ball, location: 2F
2-2: Ground out 5-3 (Groundball, 56S)
Top of the 6th over - 0 run(s), 0 hit(s), 0 error(s), 0 left on base; Trenton 1 - Utica 0
BOTTOM OF THE 6TH
Utica Unicorns batting - Pitching for Trenton Stars : RHP Darrell Stanley
Batting: RHB Fernando Gálvez 0-0: Called Strike
0-1: Called Strike
0-2: Ground out 5-3 (Groundball, 56)
Batting: RHB Gerald Burnett 0-0: Ball
1-0: Called Strike
1-1: Foul Ball, location: 2F
1-2: Foul Ball, location: 2F
1-2: Reached on error, E5 (Groundball, 56)
Batting: LHB Pablo Reyes 0-0: SINGLE (Line Drive, 8LS)
Gerald Burnett to second
Batting: RHB Carlos García 0-0: Ball
1-0: Grounds into double play, 4-6-3 (Groundball, 4)
Bottom of the 6th over - 0 run(s), 1 hit(s), 1 error(s), 1 left on base; Trenton 1 - Utica 0
TOP OF THE 7TH
Trenton Stars batting - Pitching for Utica Unicorns : RHP Don Wiggins
Batting: LHB Lee Burton 0-0: Foul Ball, location: 2F
0-1: Ball
1-1: SOLO HOME RUN (Flyball, 9D), Distance : 362 ft
Batting: LHB Marvin Morris 0-0: Called Strike
0-1: Ball
1-1: Called Strike
1-2: Foul Ball, location: 2F
1-2: Foul Ball, location: 2F
1-2: Ground out 5-3 (Groundball, 25)
Batting: RHB Rafael Canales 0-0: SINGLE (Groundball, 56D)
Batting: LHB Ricardo Brandariz 0-0: Ball
1-0: Foul Ball, location: 2F
1-1: Swinging Strike
1-2: Strikes out swinging
Batting: RHB Gabriel Villegas 0-0: Ball
1-0: Ground out 5-3 (Groundball, 25)
Top of the 7th over - 1 run(s), 2 hit(s), 0 error(s), 1 left on base; Trenton 2 - Utica 0
BOTTOM OF THE 7TH
Utica Unicorns batting - Pitching for Trenton Stars : RHP Darrell Stanley
Batting: LHB José Román 0-0: Ball
1-0: Ball
2-0: Foul Ball, location: 2F
2-1: Ball
3-1: Base on Balls
Batting: LHB Mitchell Oglethorpe 0-0: Bunted foul
0-1: Bunted foul
0-2: Ground out 4-3 (Groundball, 34)
José Román to second
Batting: SHB Conan Hanson 0-0: Foul Ball, location: 2F
0-1: Ball
1-1: Ball
2-1: Foul Ball, location: 2F
2-2: Fly out, F7 (Flyball, 7LS)
Batting: RHB José Velázquez 0-0: Ball
1-0: Ball
2-0: Called Strike
2-1: Called Strike
2-2: Ball
3-2: Strikes out looking
Bottom of the 7th over - 0 run(s), 0 hit(s), 0 error(s), 1 left on base; Trenton 2 - Utica 0
TOP OF THE 8TH
Trenton Stars batting - Pitching for Utica Unicorns : RHP Don Wiggins
Pitching: RHP Claudio Rivera
Batting: LHB Ju-wei Shiu 0-0: Ball
1-0: Swinging Strike
1-1: Foul Ball, location: 2F
1-2: Ball
2-2: Ball
3-2: Ground out U3 (Groundball, 3)
Batting: RHB José Barajas 0-0: SINGLE (Line Drive, 9LS)
Batting: SHB Nick Marshall 0-0: Called Strike
0-1: Ball
1-1: Ball
2-1: Foul Ball, location: 2F
2-2: Foul Ball, location: 2F
2-2: Foul Ball, location: 2F
2-2: Fielders Choice at 2nd, 4-6 (Groundball, 4)
Batting: RHB Felipe Olivas 0-0: Fly out, F8 (Flyball, 89S)
Top of the 8th over - 0 run(s), 1 hit(s), 0 error(s), 1 left on base; Trenton 2 - Utica 0
BOTTOM OF THE 8TH
Utica Unicorns batting - Pitching for Trenton Stars : RHP Darrell Stanley
Batting: LHB Caleb Hall 0-0: Called Strike
0-1: Ball
1-1: Foul Ball, location: 2F
1-2: Strikes out looking
Pitching: RHP Jonathan Booker
Batting: RHB Fernando Gálvez 0-0: Foul Ball, location: 2F
0-1: Swinging Strike
0-2: Strikes out swinging
Batting: RHB Gerald Burnett 0-0: Ball
1-0: Ground out 5-3 (Groundball, 5)
Bottom of the 8th over - 0 run(s), 0 hit(s), 0 error(s), 0 left on base; Trenton 2 - Utica 0
TOP OF THE 9TH
Trenton Stars batting - Pitching for Utica Unicorns : RHP Claudio Rivera
Pitching: RHP Jorge Pérez
Batting: LHB Lee Burton 0-0: Called Strike
0-1: Ball
1-1: Ball
2-1: Called Strike
2-2: Ball
3-2: SINGLE (Groundball, 4D)
Pitching: LHP Javier Luna
Batting: LHB Marvin Morris 0-0: Called Strike
0-1: Foul Ball, location: 2F
0-2: Ball
1-2: Ball
2-2: Strikes out swinging
Batting: RHB Rafael Canales 0-0: Ball
1-0: Swinging Strike
1-1: Ball
2-1: Swinging Strike
2-2: Ball
3-2: Reached on error, E6 (Groundball, 6)
Lee Burton to second
Pitching: RHP Patrick Doyle
Batting: LHB Ricardo Brandariz 0-0: Called Strike
0-1: Ball
1-1: Foul Ball, location: 2F
1-2: Ball
2-2: Grounds into double play, 6-4-3 (Groundball, 6)
Top of the 9th over - 0 run(s), 1 hit(s), 1 error(s), 1 left on base; Trenton 2 - Utica 0
BOTTOM OF THE 9TH
Utica Unicorns batting - Pitching for Trenton Stars : RHP Jonathan Booker
Pitching: RHP Denver Gallegos
Batting: LHB Pablo Reyes 0-0: Ball
1-0: Ball
2-0: Called Strike
2-1: Fly out, F8 (Flyball, 8RD)
Batting: RHB Carlos García 0-0: Ball
1-0: Called Strike
1-1: Foul Ball, location: 2F
1-2: Strikes out swinging
Batting: LHB José Román 0-0: Foul Ball, location: 2F
0-1: Ball
1-1: Swinging Strike
1-2: Ball
2-2: Ball
3-2: Base on Balls
Batting: LHB Mitchell Oglethorpe 0-0: Ball
1-0: Ball
2-0: Foul Ball, location: 2F
2-1: Ball
3-1: Base on Balls
José Román to second
Pinch Hitting: RHB Andrew Good 0-0: SINGLE (Groundball, 56D)
José Román to third
Mitchell Oglethorpe to second
Runner from 3rd tries for Home, SAFE, throw made home
Pinch Hitting: LHB Sixto Cantú 0-0: Ball
1-0: Foul Ball, location: 2F
1-1: Ball
2-1: Swinging Strike
2-2: Strikes out swinging
Bottom of the 9th over - 1 run(s), 1 hit(s), 0 error(s), 2 left on base; Trenton 2 - Utica 1
Tuesday, August 8th, 2017 - OOTP Baseball 17.12 Build 75